 Dungeon Crawl Stone Soup version 0.31.0-1-g2c135a008e (webtiles) character file.

Game seed: 15219694763420363433

157 qw the Shooter (level 5, -1/40 HPs)
             Began as a Djinni Hunter on Jan 23, 2024.
             Slain by a black bear (7 damage)
             ... on level 4 of the Dungeon.
             The game lasted 00:00:09 (1969 turns).

qw the Shooter (Djinni Hunter)                      Turns: 1969, Time: 00:00:10

Health: -1/40      AC:  7    Str: 10    XL:     5   Next: 66%
Gold:   112        EV: 11    Int: 11    God:
                   SH:  0    Dex: 18

rFire   + + .        a - +1 shortbow
rCold   x . .        (shield currently unavailable)
rNeg    . . .        e - +0 ring mail
rPois   inf          (no helmet)
rElec   .            (no cloak)
rCorr   .            g - +1 pair of gloves
SInv    .            (boots unavailable)
Will    .....        (no amulet)
Stlth   +            (no ring)
HPRegen 0.26/turn    (no ring)
MPRegen 0.00/turn

%: infuse magic (-2 HP)
@: flying
A: sickness immunity, fire resistance 2, cold vulnerability 1, float, innate
caster, HP casting, extra vitality 1
a: no special abilities


You were on level 4 of the Dungeon.
You visited 1 branch of the dungeon, and saw 4 of its levels.

You collected 112 gold pieces.


Innate Abilities, Weirdness & Mutations

You are immune to sickness and miasma.
You are immune to poison.
Your flesh is very heat resistant. (rF++)
You are vulnerable to cold. (rC-)
You float through the air rather than walking.
You learn spells naturally, not from books.
Your magical power is your life essence.
You have superior vitality. (+4 MHP)


   Skills:
 - Level 3.0 Fighting
 + Level 4.9 Ranged Weapons
 - Level 1.0 Armour
 - Level 2.1 Dodging
 - Level 0.7 Stealth


You knew the following spells:

 Your Spells              Type           Power      Damage    Failure   Level
a - Freeze                Ice            0%         1d3       65%         1
b - Blink                 Tloc           0%         N/A       80%         2
Your spell library was empty.

Inventory:

Hand Weapons
 a - a +1 shortbow (weapon)
Armour
 e - a +0 ring mail (worn)
 g - a +1 pair of gloves (worn)
Scrolls
 b - a scroll of identify
Potions
 c - a potion of heal wounds
 j - a potion of haste

Dungeon Overview and Level Annotations

Branches:
Dungeon (4/15)
 Temple: D:4-7

Altars:
Yredelemnul

Annotations:
D:3 Edmund


Message History

The black bear barely misses you.
You shoot an arrow. The arrow hits the black bear!
The black bear is heavily wounded.
The black bear bites you. The black bear claws you.
The black bear claws you but does no damage.
The black bear bites you but does no damage.
The black bear claws you but does no damage.
The black bear misses you.
You shoot an arrow. The arrow hits the black bear.
The black bear is severely wounded.
The black bear goes berserk!
You shoot an arrow.
The arrow closely misses the black bear.
The black bear bites you but does no damage.
The black bear claws you. The black bear misses you.
The black bear bites you but does no damage.
The black bear claws you. The black bear closely misses you.
You shoot an arrow. The arrow barely misses the black bear.
The black bear bites you. The black bear claws you.
The black bear claws you but does no damage.
The black bear closely misses you. The black bear claws you.
The black bear closely misses you.
You shoot an arrow. The arrow hits the black bear.
The black bear is severely wounded.
The black bear bites you but does no damage.
The black bear claws you but does no damage. x2
The black bear bites you but does no damage.
The black bear closely misses you.
The black bear claws you but does no damage.
You shoot an arrow. The arrow hits the black bear.
The black bear is severely wounded.
The black bear barely misses you. The black bear claws you.
The black bear closely misses you. The black bear bites you.
The black bear claws you.
The black bear claws you but does no damage.
You shoot an arrow. The arrow hits the black bear.
The black bear is almost dead.
The black bear bites you. The black bear claws you. x2
The black bear bites you!
You die...

#...#.####.#######
.......<..........
#.###.........# .
#.........# ..
#.....)...# .~
............# ..
#............# .#
###.###....###)# #
#. ####..@..# ^ #
###.h## .#
.....####.#
#####......##
............#..
#...<.......
#.......#?.[.
#........# .
##.......#


You could see a black bear (berserk).

Vanquished Creatures
  A bombardier beetle (D:3)
  A gnoll (D:4)
  4 adders
  2 ufetubi (D:3)
  4 dart slugs
  2 ribbon worms
  An orc (D:4)
  8 ball pythons
  5 endoplasms
  4 giant cockroaches
  4 goblins
  7 hobgoblins
  A quokka (D:3)
  3 bats
  3 frilled lizards
  3 kobolds
  4 rats
57 creatures vanquished.

Notes
Turn   | Place    | Note
-------+----------+-------------------------------------------
     0 | D:1      | qw the Djinni Hunter began the quest for the Orb.
     0 | D:1      | Reached XP level 1. HP: 18/18 MP: 0/0
     0 | D:1      | 0 ||| qw: Version: 0.3-a-135-gb77e89d
     0 | D:1      | 0 ||| qw: Game counter: 840
     0 | D:1      | 0 ||| qw: Melee chars always use a shield: true
     0 | D:1      | 0 ||| qw: God list: Okawaru
     0 | D:1      | 0 ||| qw: Allow faded altars: false
     0 | D:1      | 0 ||| qw: Do Orc after clearing Dungeon:15 true
     0 | D:1      | 0 ||| qw: Do second Lair branch before Depths: true
     0 | D:1      | 0 ||| qw: Lair rune preference: random
     0 | D:1      | 0 ||| qw: Goals: Normal
     0 | D:1      | 0 ||| PLANNING D:1-11
    64 | D:1      | Reached XP level 2. HP: 23/23 MP: 0/0
   238 | D:1      | You are sucked into a shaft and drop 1 floor!
   238 | D:2      | Found a basalt altar of Yredelemnul.
   239 | D:2      | 239 ||| UPGRADING to +0 ring mail.
   244 | D:2      | 244 ||| FLEEEEING.
   245 | D:2      | 245 ||| UPGRADING to +0 leather armour.
   250 | D:2      | 250 ||| UPGRADING to +0 ring mail.
   255 | D:2      | 255 ||| FLEEEEING.
   256 | D:2      | 256 ||| FLEEEEING.
   257 | D:2      | 257 ||| FLEEEEING.
   258 | D:2      | 258 ||| FLEEEEING.
   259 | D:2      | 259 ||| STAIRDANCE
   261 | D:1      | 261 ||| UPGRADING to +0 leather armour.
   266 | D:1      | 266 ||| UPGRADING to +0 ring mail.
   276 | D:1      | 276 ||| DROPPING +0 leather armour.
   573 | D:1      | Reached XP level 3. HP: 28/28 MP: 0/0
   573 | D:1      | Learned a level 1 spell: Freeze
   575 | D:1      | Reached skill level 4 in Ranged Weapons
   719 | D:1      | 719 ||| READING 3 scrolls labelled HURECRU NINLAMAI.
   719 | D:1      | 719 ||| IDENTIFYING black potion
   720 | D:1      | 720 ||| READING 2 scrolls of identify.
   720 | D:1      | 720 ||| IDENTIFYING red potion
   721 | D:1      | 721 ||| READING scroll of identify.
   721 | D:1      | 721 ||| IDENTIFYING 2 inky potions
   722 | D:1      | 722 ||| READING scroll labelled ZUS TAABROUHOLLU.
   723 | D:1      | 723 ||| READING 2 scrolls labelled WEUPSOS FUPLEMP.
   723 | D:1      | 723 ||| ENCHANTING +0 shortbow.
   724 | D:1      | 724 ||| DRINKING 2 lumpy amethyst potions.
   725 | D:1      | 725 ||| DRINKING 2 fuming grey potions.
   726 | D:1      | 726 ||| DROPPING scroll of butterflies.
   727 | D:1      | 727 ||| DROPPING potion of berserk rage.
   728 | D:1      | 728 ||| DROPPING potion of lignification.
   729 | D:1      | 729 ||| DROPPING potion of attraction.
   814 | D:2      | Reached skill level 1 in Armour
   853 | D:2      | Found a faded altar of an unknown god.
   962 | D:2      | Reached XP level 4. HP: 32/34 MP: 0/0
  1051 | D:2      | Reached skill level 3 in Fighting
  1325 | D:3      | Reached XP level 5. HP: 33/40 MP: 0/0
  1325 | D:3      | Learned a level 2 spell: Blink
  1797 | D:3      | 1797 ||| UPGRADING to +0 pair of gloves.
  1802 | D:3      | 1802 ||| READING scroll of enchant armour.
  1802 | D:3      | 1802 ||| ENCHANTING +0 pair of gloves.
  1803 | D:3      | 1803 ||| READING scroll of identify.
  1803 | D:3      | 1803 ||| IDENTIFYING brown potion
  1804 | D:3      | 1804 ||| READING 2 scrolls labelled YCUGUDISHI.
  1808 | D:3      | 1808 ||| READING scroll labelled VULISUZX URAX.
  1808 | D:3      | 1808 ||| ENCHANTING +0 shortbow.
  1809 | D:3      | 1809 ||| READING scroll labelled EGOMEC HOPOAQ.
  1810 | D:3      | 1810 ||| DROPPING potion of brilliance.
  1833 | D:4      | Noticed Edmund
  1835 | D:4      | 1835 ||| STAIRDANCE
  1840 | D:4      | Noticed a black bear
  1841 | D:4      | 1841 ||| STAIRDANCE
  1850 | D:3      | HP: 7/40 [Edmund/+2 flail of protection (5)]
  1851 | D:3      | 1851 ||| READING scroll of teleportation.
  1852 | D:3      | 1852 ||| DRINKING 2 potions of heal wounds.
  1969 | D:4      | HP: 6/40 [black bear (5)]
  1969 | D:4      | Slain by a black bear

Levels and vault maps discovered:
D:1:      minmay_arrival_glassed_features, layout_basic
D:2:      layout_rooms, nicolae_ecumenical_snake_handling, basic_altar
D:3:      layout_basic
D:4:      layout_rooms, serial_bayou_pond_d, kennysheep_generic_room_3,
          uniq_edmund, uniq_duvessa

Skill      XL: |  1  2  3  4 |
---------------+-------------+-----
Ranged Weapons | 4 |  4.9
Armour         | 1 |  1.0
Fighting       | 3 |  3.0
Dodging        | |  2.1
Stealth        | |  0.7

Action                     |  1- 3 |  4- 6 || total
---------------------------+-------+-------++-------
   Fire: Shortbow          |    86 |   126 ||   212
    Use: Scroll            |     5 |     6 ||    11
         Potion            |     2 |     1 ||     3
 Armour: Leather armour    |     3 |       ||     3
         Ring mail         |    16 |    88 ||   104
  Dodge: Dodged            |    21 |    59 ||    80

Table legend:
 A = Non-vault XP
 B = Vault XP
 C = Vault XP percentage of total XP
 D = Non-vault monster count
 E = Vault monster count
 F = Vault count percentage of total count
                 A         B        C        D         E       F
            +---------+---------+-------+---------+---------+-------
      Total |     208 |      17 |   7.6 |      53 |       4 |   7.0
            +---------+---------+-------+---------+---------+-------
        D:1 |      32 |       0 |   0.0 |      18 |       0 |   0.0
        D:2 |      41 |      17 |  29.3 |      14 |       4 |  22.2
        D:3 |     117 |       0 |   0.0 |      19 |       0 |   0.0
        D:4 |      18 |       0 |   0.0 |       2 |       0 |   0.0
            +---------+---------+-------+---------+---------+-------
